 Dungeon Crawl Stone Soup version 0.30-a0-862-g1aabd4f9c5 (webtiles) character file.

Game seed: 14110766508346543965

101585 jasper the Peltast (level 15, -26/121 HPs)
             Began as a Demonspawn Fighter on Mar 9, 2023.
             Was a High Priest of Cheibriados.
             Annihilated by an alligator snapping turtle (30 damage)
             ... on level 2 of the Shoals.
             The game lasted 01:03:47 (32629 turns).

jasper the Peltast (Demonspawn Fighter)            Turns: 32629, Time: 01:03:48

Health: -26/121    AC: 13    Str: 30    XL:     15   Next: 83%
Magic:  9/33       EV: 19    Int: 39    God:    Cheibriados [*****.]
Gold:   1965       SH: 22    Dex: 25    Spells: 3/18 levels left

rFire   . . .      SeeInvis .      - Unarmed
rCold   + + +      Faith    .    q - +3 kite shield "Opnomm Hudoi" {rC+ Int+3}
rNeg    + . .      Spirit   .    y - +0 steam dragon scales
rPois   .          Reflect  .    (helmet restricted)
rElec   .          Rampage  .    h - +1 cloak
rCorr   .                        n - +0 pair of gloves
Will    ++...                    l - +0 pair of boots
Stlth   ++                       Z - amulet of the acrobat
HPRegen 0.40/turn                J - ring of Teoptin {Wiz Int+3}
MPRegen 0.23/turn                U - ring "Joaklekk" {Fly rC++ rN+ MP+9 Int+2}

@: flying, very slow
A: horns 2, foul stench 1, icemail 1, big brain 2, condensation shield, demonic
willpower
a: Renounce Religion, Bend Time, Temporal Distortion, Slouch, Step From Time


You were on level 2 of the Shoals.
You worshipped Cheibriados.
Cheibriados was extremely pleased with you.
You visited 5 branches of the dungeon, and saw 25 of its levels.
You also visited: Sewer.

You collected 3100 gold pieces.
You spent 1135 gold pieces at shops.

Inventory:

Missiles
 d - 36 poisoned darts
 p - 2 throwing nets
 v - 168 stones (quivered)
 H - 6 curare-tipped darts
Armour
 h - a +1 cloak (worn)
 i - a +0 kite shield of reflection
 l - a +0 pair of boots (worn)
 n - a +0 pair of gloves (worn)
 q - the +3 kite shield "Opnomm Hudoi" (worn) {rC+ Int+3}
   (You acquired it on level 6 of the Dungeon)

   Int:       It affects your intelligence (+3).
   rC:        It protects you from cold.
 y - +0 steam dragon scales (worn)
 G - the +0 robe of Daisies {Int+3}
   (You found it on level 3 of the Dungeon)

   Int:       It affects your intelligence (+3).
Magical Staves
 V - a staff of earth
Jewellery
 g - a ring of poison resistance
 o - a ring of resist corrosion
 F - the ring of Soitrazi {rPois rF- rC+++ Str-2 Slay+4 SInv}
   (You acquired it on level 2 of the Orcish Mines)

   [ring of slaying]

   Str:       It affects your strength (-2).
   Slay:      It affects your accuracy & damage with ranged weapons and melee
   (+4).
   rF:        It makes you vulnerable to fire.
   rC:        It renders you almost immune to cold.
   rPois:     It protects you from poison.
   SInv:      It lets you see invisible.
 I - a ring of see invisible
 J - the ring of Teoptin (left hand) {Wiz Int+3}
   (You found it on level 12 of the Dungeon)

   [ring of wizardry]

   It improves your spell success rate.
   Int:       It affects your intelligence (+3).
 U - the ring "Joaklekk" (right hand) {Fly rC++ rN+ MP+9 Int+2}
   (You acquired it on level 1 of the Lair of Beasts)

   [ring of flight]

   Int:       It affects your intelligence (+2).
   rC:        It greatly protects you from cold.
   rN:        It protects you from negative energy.
   MP:        It affects your magic capacity (+9).
   Fly:       It grants you flight.
 Y - a ring of protection from fire
 Z - an amulet of the acrobat (around neck)
Wands
 s - a wand of flame (28)
 B - a wand of roots (10)
 R - a wand of polymorph (6)
 W - a wand of digging (7)
Scrolls
 a - a scroll of blinking
 c - 8 scrolls of teleportation
 e - 6 scrolls of magic mapping
 k - 3 scrolls of fog
 m - 2 scrolls of amnesia
 w - a scroll of immolation
 x - 2 scrolls of enchant armour
 E - 5 scrolls of poison
 K - 11 scrolls of identify
 N - 2 scrolls of torment
 O - a scroll of fear
 T - a scroll of enchant weapon
Potions
 b - a potion of invisibility
 f - 9 potions of curing
 j - 2 potions of ambrosia
 r - 5 potions of cancellation
 t - 3 potions of flight
 u - 5 potions of attraction
 z - 5 potions of brilliance
 A - 10 potions of lignification
 C - 2 potions of magic
 D - 6 potions of mutation
Miscellaneous
 X - a phantom mirror


   Skills:
 + Level 12.2 Fighting
 - Level 2.8 Armour
 + Level 8.9 Dodging
 - Level 15.0 Shields
 * Level 13.6 Unarmed Combat
 - Level 2.1 Spellcasting
 - Level 3.0 Conjurations
 - Level 3.9 Necromancy
 - Level 1.5 Transmutations
 - Level 3.0 Air Magic
 - Level 1.4 Earth Magic
 - Level 3.0 Poison Magic
 - Level 12.1 Invocations


You had 3 spell levels left.
You knew the following spells:

 Your Spells              Type           Power      Damage    Failure   Level
a - Passwall              Tmut/Erth      12%        N/A       2%          2
b - Mephitic Cloud        Conj/Pois/Air  27%        N/A       2%          3
c - Borgnjor's Vile Clut  Necr/Erth      12%        N/A       26%         5
d - Apportation           Tloc           8%         N/A       3%          1
e - Animate Dead          Necr           34%        N/A       6%          4

Your spell library contained the following spells:

 Spells                   Type           Power      Damage    Failure   Level
 Magic Dart               Conj           100%       1d8       1%          1
 Necrotise                Necr           100%       1d9       1%          1
 Sandblast                Erth           30%        2d9       1%          1
 Shock                    Conj/Air       100%       1d9       1%          1
 Cigotuvi's Dreadful Rot  Necr/Pois/Air  60%        N/A       1%          2
 Poisonous Vapours        Pois/Air       54%        N/A       1%          2
 Searing Ray              Conj           54%        2d6       1%          2
 Swiftness                Air            27%        N/A       2%          3
 Freeze                   Ice            16%        1d4       3%          1
 Summon Small Mammal      Summ           16%        N/A       3%          1
 Stone Arrow              Conj/Erth      42%        3d9       3%          3
 Hailstorm                Conj/Ice       15%        3d5       4%          3
 Ignite Poison            Fire/Tmut/Pois 15%        N/A       4%          3
 Kindle Blastsparks       Fire/Tloc/Air  22%        2d11      6%          3
 Frozen Ramparts          Ice            8%         1d2       9%          3
 Ozocubu's Armour         Ice            4%         N/A       9%          3
 Airstrike                Air            13%        2d(2-18)  9%          4
 Fulminant Prism          Conj/Hex       7%         3d7       16%         4
 Ice Form                 Ice/Tmut       10%        N/A       21%         4
 Summon Ice Beast         Ice/Summ       4%         N/A       28%         4
 Alistair's Intoxication  Tmut/Pois      14%        N/A       32%         5
 Freezing Cloud           Conj/Ice/Air   9%         6-21      32%         5
 Metabolic Englaciation   Hex/Ice        2%         N/A       58%         5
 Eringya's Noxious Bog    Tmut/Pois      10%        N/A       85%         6
 Simulacrum               Ice/Necr       9%         N/A       86%         6
 Haunt                    Necr/Summ      9%         N/A       100%        7
 Infestation              Necr           17%        N/A       100%        8


Dungeon Overview and Level Annotations

Branches:
Dungeon (15/15)            Temple (1/1) D:5            Lair (5/5) D:9
 Shoals (2/4) Lair:2        Snake (0/4) Lair:3        Slime (0/5) Lair:4
    Orc (2/2) D:9             Elf (0/3) Orc:2        Vaults (0/5) D:13
 Depths (0/4) D:15          Sewer (visited)

Altars:
Ashenzari
Cheibriados
Dithmenos
Fedhas
Gozag
Hepliaklqana
Kikubaaqudgha
Makhleb
Nemelex Xobeh
Okawaru
Qazlal
Ru
Sif Muna
Trog
Uskayaw
Vehumet
Wu Jian
Xom
Yredelemnul
Jiyva

Shops:
D:4 !   Orc:2 [([?   Shoals:1 [

Annotations:
D:14 Louise
Lair:3 2 runed translucent doors, Rupert


Innate Abilities, Weirdness & Mutations

You have a pair of horns on your head.
You may rarely emit foul miasma when damaged in melee.
A meltable icy envelope protects you from harm. (AC +4)
You have an extremely huge brain. (Int +4)
A meltable shield of frost defends you. (SH +4)
You punish those that try to bend your will. (Will+)


Message History

You assume a fearsome visage.
The alligator snapping turtle looks frightened!
The merfolk avatar easily resists.
The alligator snapping turtle resists with some effort.
The manticore looks frightened!
The alligator snapping turtle bites you but does no damage.
The merfolk avatar chants its luring song.
Okay, then.
Okay, then.
Activating: Slouch (1% risk of failure)
Press: ? - help, Dir - look around, f - activate You can feel time thicken for a moment.
You kill the manticore!
Cheibriados appreciates the change of pace.
Cheibriados lowers the support of your attributes as your movement quickens.
Your faun zombie hits the merfolk avatar.
You block the alligator snapping turtle's attack.
The merfolk avatar chants its luring song.
You now have 19/33 mp.
Activating: Slouch (1% risk of failure)
Press: ? - help, Dir - look around, f - activate You can feel time thicken for a moment.
You are no longer entranced.
You kill the merfolk avatar!
Cheibriados thoroughly appreciates the change of pace.
Cheibriados lowers the support of your attributes as your movement quickens.
Your faun zombie hits the alligator snapping turtle!
The alligator snapping turtle bites your faun zombie!!
You now have 14/33 mp.
You hit the alligator snapping turtle but do no damage.
You headbutt the alligator snapping turtle.
The alligator snapping turtle is almost dead.
The alligator snapping turtle seems to regain its courage.
Activating: Slouch (1% risk of failure)
Press: ? - help, Dir - look around, f - activate You can feel time thicken for a moment.
Cheibriados lowers the support of your attributes as your movement quickens.
Your faun zombie hits the alligator snapping turtle but does no damage.
The alligator snapping turtle bites you!!
You die...

....#####........~~~~~~~.~~~~≈≈≈≈
~....###......... ~~~~.....~≈≈≈≈≈
~~.........# ~~~......~≈≈≈~~
~~.........## .........~≈≈≈~.
~...........# .......<.~≈≈≈~.
....##..[...##### .........~≈≈≈≈~
...##...........##.........~≈≈≈≈≈
......~~~.....~~~~~..~......≈≈≈≈≈
.##....~.....~~~@~~~~~......≈≈≈.$
. ..~.........~~t~≈~.~......≈≈≈.$
....~~.~...~ZZ~≈†.~~......≈≈≈≈≈
.~~..~~~~~~~~≈≈≈~.~~.......≈≈≈≈
~~~~~~~~~~~~~≈≈~~.~...
≈≈≈≈~~~~t~~~~~~~~~..
~~~~~~~~~~~~~~~. ~~~~~~~~≈≈~~~~~


You could see 2 alligator snapping turtles and 2 friendly faun zombies.

Vanquished Creatures
  Kirke (D:12)
  Donald (Orc:2)
  3 orc warlords
  2 fire dragons (D:15)
  Josephine (Orc:2)
  An entropy weaver (Lair:3)
  3 hydras
  An ice dragon (D:15)
  2 boulder beetles
  A merfolk avatar (Shoals:2)
  7 centaur warriors
  Erica (D:11)
  4 catoblepae
  2 dancing weapons (D:13)
  3 two-headed ogres
  A tengu warrior (D:15)
  Urug (Lair:4)
  5 death yaks (Lair:5)
  An orc high priest (Orc:2)
  A skyshark (Lair:3)
  Nergalle (Lair:3)
  A skeletal warrior (D:14)
  A fire crab (Lair:3)
  A wizard (D:14)
  A sea snake (Shoals:1)
  3 orc knights
  A deep elf pyromancer (D:15)
  5 harpies (Shoals:1)
  6 fauns
  4 orc sorcerers
  16 ugly things
  5 cyclopes
  3 manticores
  11 elephants
  2 merfolk sirens
  A moth of wrath (shapeshifter) (D:13)
  2 black mambas
  3 gargoyles
  8 cane toads
  2 rime drakes (Lair:5)
  6 komodo dragons
  2 merfolk (Shoals:1)
  2 efreet
  7 trolls
  3 polar bears
  3 wind drakes
  A meliai (shapeshifter) (D:13)
  A hornet (D:8)
  3 meliai (D:15)
  5 blink frogs (Lair:3)
  A dream sheep (Lair:5)
  Grinder (D:3)
  7 slime creatures
  2 shadows
  4 water elementals (Shoals:1)
  2 vampires
  8 wraiths
  A jumping spider (D:13)
  5 wyverns
  3 basilisks
  5 humans
  42 yaks
  7 vampire mosquitoes (D:12)
  4 steam dragons
  4 wargs
  Grum (D:9)
  8 water moccasins
  2 acid dragons
  A black bear (shapeshifter) (D:15)
  34 orc warriors
  3 sky beasts
  A black bear (Lair:1)
  3 ice beasts
  23 wolves
  19 centaurs
  12 ogres
  2 phantoms (D:6)
  Blork the orc (D:5)
  5 kobold brigands
  13 bullfrogs
  A scorpion (D:7)
  10 wights
  4 killer bees (D:11)
  6 howler monkeys
  3 electric eels
  3 hounds
  20 orc priests
  Jessica (D:2)
  2 gnoll boudas
  2 sleepcaps
  23 orc wizards
  Natasha (thrice) (D:2)
  3 iguanas
  Ijyb (D:3)
  12 gnolls
  A river rat (D:5)
  11 adders
  A shadow imp (D:6)
  3 white imps
  3 ufetubi
  5 orc zombies
  3 dart slugs
  2 worms
  101 orcs
  7 endoplasms
  3 giant cockroaches
  12 goblins
  4 hobgoblins
  6 jackals
  7 quokkas
  10 ball pythons
  15 bats
  4 frilled lizards
  24 kobolds
  9 rats
  3 rat zombies (D:15)
704 creatures vanquished.

Vanquished Creatures (collateral kills)
  A catoblepas (Lair:5)
  A merfolk aquamancer (Shoals:1)
  A death yak (Lair:5)
  Sonja (Lair:3)
  A skyshark (Shoals:2)
  An orc sorcerer (Orc:2)
  2 fauns (Shoals:1)
  2 manticores (Lair:5)
  8 elephants
  A merfolk siren (Shoals:1)
  2 cane toads
  A merfolk (Shoals:1)
  A snapping turtle (Shoals:1)
  3 blink frogs (Lair:5)
  6 dream sheep (Lair:5)
  A wraith (Shoals:2)
  3 yaks (Lair:5)
  A wyvern (Lair:5)
  2 water elementals (Shoals:1)
  3 water moccasins
  An orc warrior (Orc:2)
  4 wolves
  A bullfrog (Lair:4)
  A jelly (Lair:4)
  2 orc wizards
  7 orcs (Orc:2)
58 creatures vanquished.

Vanquished Creatures (others)
  A death yak zombie (Lair:5)
  A catoblepas zombie (Lair:5)
  3 harpy zombies (Shoals:1)
  A black mamba zombie (Lair:4)
  6 elephant zombies
  A manticore zombie (Shoals:2)
  2 merfolk zombies
  2 water moccasin zombies (Lair:5)
  4 yak zombies (Lair:5)
  A warg zombie (Orc:2)
  An ogre zombie (Orc:2)
  3 orcs (Orc:2)
  26 orc zombies (Orc:2)
  48 fungi
  102 plants
202 creatures vanquished.

Grand Total: 964 creatures vanquished

Notes
Turn   | Place    | Note
-------+----------+-------------------------------------------
     0 | D:1      | jasper the Demonspawn Fighter began the quest for the Orb.
     0 | D:1      | Reached XP level 1. HP: 18/18 MP: 1/1
   134 | D:1      | Gained mutation: You have an unusually large brain. (Int
                  | +2) [demonic ancestry]
   134 | D:1      | Reached XP level 2. HP: 23/24 MP: 2/2
   526 | D:1      | Gained mutation: You have a pair of small horns on your
                  | head. [demonic ancestry]
   526 | D:1      | Reached XP level 3. HP: 29/29 MP: 3/3
   713 | D:2      | Reached skill level 3 in Shields
   802 | D:2      | Noticed Jessica
   816 | D:2      | Killed Jessica
   817 | D:2      | Reached skill level 1 in Dodging
   863 | D:2      | Reached XP level 4. HP: 35/35 MP: 4/4
   952 | D:2      | Noticed Natasha
   962 | D:2      | Killed Natasha
  1420 | D:2      | Noticed Natasha
  1427 | D:2      | Killed Natasha
  1428 | D:2      | Gained mutation: You may rarely emit foul miasma when
                  | damaged in melee. [demonic ancestry]
  1428 | D:2      | Reached XP level 5. HP: 41/41 MP: 5/5
  1619 | D:2      | Noticed Natasha
  1624 | D:2      | Killed Natasha
  1799 | D:3      | Noticed Ijyb
  1942 | D:3      | Noticed Grinder
  1944 | D:3      | Paralysed by Grinder for 5 turns
  1953 | D:3      | Paralysed by Grinder for 2 turns
  1957 | D:3      | Killed Grinder
  1958 | D:3      | Reached XP level 6. HP: 11/48 MP: 6/6
  2513 | D:4      | Found Ludghonoa's Distillery.
  2518 | D:4      | Bought a potion of curing for 36 gold pieces
  2518 | D:4      | Bought a potion of ambrosia for 96 gold pieces
  2646 | D:4      | Reached skill level 4 in Shields
  2678 | D:4      | HP: 1/49 [gnoll/+0 spear (7)]
  2903 | D:4      | Gained mutation: A meltable shield of frost defends you.
                  | (SH +4) [demonic ancestry]
  2903 | D:4      | Reached XP level 7. HP: 47/55 MP: 7/7
  3267 | D:4      | Learned a level 2 spell: Passwall
  3547 | D:4      | Bought a potion of curing for 36 gold pieces
  3547 | D:4      | Bought a potion of curing for 36 gold pieces
  3547 | D:4      | Bought a potion of might for 48 gold pieces
  3547 | D:4      | Bought a potion of flight for 36 gold pieces
  3677 | D:5      | Entered Level 5 of the Dungeon
  3677 | D:5      | Noticed Blork the orc
  3723 | D:5      | Killed Blork the orc
  3724 | D:5      | Reached skill level 5 in Unarmed Combat
  3743 | D:5      | Learned a level 3 spell: Mephitic Cloud
  3873 | D:5      | Reached skill level 5 in Fighting
  3940 | D:5      | Found a glowing drain.
  3944 | Sewer    | Entered a sewer
  4057 | Sewer    | Reached XP level 8. HP: 62/62 MP: 8/8
  5114 | D:5      | Found a staircase to the Ecumenical Temple.
  5124 | Temple   | Entered the Ecumenical Temple
  6318 | D:6      | Reached skill level 5 in Dodging
  6318 | D:6      | Gained mutation: You have a pair of horns on your head.
                  | [demonic ancestry]
  6318 | D:6      | Reached XP level 9. HP: 66/70 MP: 9/9
  6594 | D:6      | Identified a scroll of acquirement
  6594 | D:6      | Acquired the +3 kite shield "Opnomm Hudoi" {rC+ Int+3}
  7810 | D:7      | Reached skill level 5 in Shields
  7855 | D:7      | Found an ornate altar of the Wu Jian Council.
  7868 | D:7      | Found a burning altar of Makhleb.
  8658 | D:3      | Identified the +0 robe of Daisies {Int+3}
  8689 | D:3      | Killed Ijyb
  8936 | D:3      | Found a shimmering blue altar of Sif Muna.
  9439 | D:7      | Gained mutation: You have an extremely huge brain. (Int +4)
                  | [demonic ancestry]
  9439 | D:7      | Reached XP level 10. HP: 54/79 MP: 10/10
  9658 | D:8      | Noticed a two-headed ogre
  9670 | D:8      | Killed a two-headed ogre
 10289 | D:8      | Noticed a boulder beetle
 10307 | D:8      | Killed a boulder beetle
 10308 | D:8      | Reached skill level 6 in Shields
 10308 | D:8      | Reached skill level 10 in Unarmed Combat
 11441 | D:9      | Identified the +6 dagger of Achigi Qelypp {spect, rPois
                  | Will+++ Int-2}
 11788 | D:9      | Noticed Grum
 11795 | D:9      | Found an opulent altar of Gozag.
 11827 | D:9      | Reached skill level 10 in Fighting
 11914 | D:8      | Reached skill level 7 in Shields
 11914 | D:8      | Reached XP level 11. HP: 30/90 MP: 11/11
 12390 | D:9      | Killed Grum
 12483 | D:9      | Reached skill level 8 in Shields
 12532 | D:9      | Noticed a two-headed ogre
 12557 | D:9      | Found a staircase to the Lair.
 12585 | D:9      | Found a shadowy altar of Dithmenos.
 12592 | D:9      | Found a blossoming altar of Fedhas.
 12593 | D:9      | Found a snail-covered altar of Cheibriados.
 12593 | D:9      | Found an ancient bone altar of Kikubaaqudgha.
 12594 | D:9      | Found a shimmering altar of Xom.
 12598 | D:9      | Found an iron altar of Okawaru.
 12605 | D:9      | Became a worshipper of Cheibriados the Contemplative
 12723 | D:9      | Killed a two-headed ogre
 12996 | D:9      | Found a staircase to the Orcish Mines.
 13352 | D:10     | Entered Level 10 of the Dungeon
 13352 | D:10     | Noticed a purple ugly thing
 13383 | D:10     | Found a hide-covered altar of Uskayaw.
 13571 | D:10     | Reached * piety under Cheibriados
 13660 | D:10     | Noticed a centaur warrior
 13673 | D:10     | Killed a centaur warrior
 13674 | D:10     | Reached skill level 9 in Shields
 14156 | D:11     | Reached skill level 10 in Shields
 14272 | D:11     | Reached ** piety under Cheibriados
 14795 | D:11     | Noticed Erica
 15088 | D:11     | Reached skill level 11 in Shields
 15410 | D:12     | Noticed a purple ugly thing
 15739 | D:12     | Reached *** piety under Cheibriados
 15740 | D:12     | Noticed a green ugly thing
 15753 | D:12     | Noticed Kirke
 15758 | D:12     | Killed a green ugly thing
 15759 | D:12     | Reached XP level 12. HP: 77/97 MP: 12/12
 15773 | D:12     | Noticed a sphinx
 15775 | D:12     | Killed Kirke
 16041 | D:12     | Reached skill level 12 in Shields
 16408 | D:13     | Noticed a centaur warrior
 16576 | D:12     | Identified the ring of Teoptin {Wiz Int+3}
 16887 | D:13     | Killed a centaur warrior
 16896 | D:13     | Reached skill level 13 in Shields
 17035 | Lair:1   | Entered Level 1 of the Lair of Beasts
 17195 | Lair:1   | Reached **** piety under Cheibriados
 17198 | Lair:1   | Acquired the ring "Joaklekk" {Fly rC++ rN+ MP+9 Int+2}
 17397 | Lair:1   | Found an ancient bone altar of Kikubaaqudgha.
 17889 | Lair:1   | You fall into a shaft and drop 1 floor!
 18117 | Lair:2   | Reached skill level 14 in Shields
 18197 | Lair:2   | Found a staircase to the Shoals.
 18372 | Lair:2   | Found a dark tunnel.
 18941 | Lair:2   | Learned a level 5 spell: Borgnjor's Vile Clutch
 18943 | Lair:2   | Learned a level 1 spell: Apportation
 19180 | Lair:3   | Noticed Sonja
 19201 | Lair:3   | Killed Sonja
 19306 | Lair:3   | Noticed Nergalle
 19325 | Lair:3   | Killed Nergalle
 19326 | Lair:3   | Gained mutation: You punish those that try to bend your
                  | will. (Will+) [demonic ancestry]
 19326 | Lair:3   | Reached XP level 13. HP: 64/99 MP: 13/13
 19459 | Lair:3   | Reached skill level 15 in Shields
 19461 | Lair:3   | Reached skill level 1 in Invocations
 19466 | Lair:3   | Reached ***** piety under Cheibriados
 19536 | Lair:3   | Found a runed translucent door.
 19613 | Lair:3   | Found the +8 storm bow {elec, penet}
 19717 | Lair:3   | Reached skill level 5 in Invocations
 21561 | D:13     | Reached skill level 10 in Invocations
 21561 | D:13     | Found a gate to the Vaults.
 22210 | D:14     | Noticed Louise
 22512 | D:14     | Reached skill level 1 in Spellcasting
 22915 | D:15     | Entered Level 15 of the Dungeon
 23152 | D:15     | Noticed a fire dragon
 23166 | D:15     | Gained mutation: A meltable icy envelope protects you from
                  | harm. (AC +4) [demonic ancestry]
 23166 | D:15     | Reached XP level 14. HP: 108/110 MP: 23/23
 23181 | D:15     | Learned a level 4 spell: Animate Dead
 23564 | D:15     | Found an ancient bone altar of Kikubaaqudgha.
 23865 | D:15     | Reached skill level 1 in Conjurations
 23865 | D:15     | Reached skill level 1 in Necromancy
 23865 | D:15     | Reached skill level 1 in Transmutations
 23865 | D:15     | Reached skill level 1 in Air Magic
 23865 | D:15     | Reached skill level 1 in Poison Magic
 24014 | D:15     | Found a staircase to the Depths.
 24100 | D:15     | Reached skill level 1 in Earth Magic
 24281 | D:15     | Found a stormy altar of Qazlal.
 24490 | Orc:1    | Entered Level 1 of the Orcish Mines
 24490 | Orc:1    | Noticed an orc warlord
 24491 | Orc:1    | Reached ****** piety under Cheibriados
 24498 | Orc:1    | Killed an orc warlord
 24674 | Orc:2    | Entered Level 2 of the Orcish Mines
 24692 | Orc:2    | Found a staircase to the Elven Halls.
 25109 | Orc:2    | Noticed Josephine
 25118 | Orc:2    | Killed Josephine
 25143 | Orc:2    | Found Niusu's Magic Scroll Emporium.
 25316 | Orc:2    | Bought a scroll of acquirement for 676 gold pieces
 25316 | Orc:2    | Acquired the ring of Soitrazi {rPois rF- rC+++ Str-2 Slay+4
                  | SInv}
 25530 | Orc:2    | Noticed Donald
 25550 | Orc:2    | Killed Donald
 25610 | Orc:2    | Found Yptungic's Armour Emporium.
 25743 | Orc:2    | Noticed an orc warlord
 25767 | Orc:2    | Killed an orc warlord
 26180 | Orc:2    | Noticed an orc warlord
 26213 | Orc:2    | Killed an orc warlord
 26459 | Orc:2    | Found Nysi's Antique Weapon Emporium.
 26463 | Orc:2    | Found Baleasim's Antique Armour Shoppe.
 27022 | Lair:3   | Found a staircase to the Snake Pit.
 27106 | Lair:3   | Found a runed translucent door.
 27108 | Lair:3   | Noticed Rupert
 27652 | Lair:4   | Noticed Urug
 27669 | Lair:4   | Killed Urug
 27992 | Lair:4   | Your ally Urug died
 28040 | Lair:4   | Reached XP level 15. HP: 55/118 MP: 24/24
 28381 | Lair:4   | Found a staircase to the Slime Pits.
 28381 | Lair:4   | Found a viscous altar of Jiyva.
 28736 | Lair:5   | Entered Level 5 of the Lair of Beasts
 29531 | Lair:5   | Acquired 516 gold pieces
 30526 | D:11     | Killed Erica
 30744 | Shoals:1 | Entered Level 1 of the Shoals
 31330 | Shoals:1 | Found Abuenyu's Antique Armour Emporium.
 31339 | Shoals:1 | Bought a pair of gloves for 171 gold pieces
 32624 | Shoals:2 | HP: 2/121 [manticore (9)]
 32629 | Shoals:2 | Annihilated by an alligator snapping turtle

Illustrated notes

Levels and vault maps discovered:
D:1:      lightli_arrival_quake, layout_rooms, minmay_tall_x
D:2:      wander_river, layout_loops_ring, uniq_natasha, uniq_jessica
D:3:      layout_loops_cross, lemuel_doored_altar, uniq_ijyb, uniq_grinder
D:4:      minmay_skewed_foursquare, layout_basic, serial_forest,
          infiniplex_forest_end_3, infiniplex_forest_lined_corner,
          infiniplex_forest_clump_medium, infiniplex_forest_lined_2,
          infiniplex_forest_zigzag_1, infiniplex_forest_3_way,
          infiniplex_forest_clump_curved, infiniplex_forest_lined_1,
          serial_shops, shop, minmay_fountain_box, kennysheep_orc_chapel
D:5:      layout_loops_ring, minmay_temple_entry_poolview,
          gup_sewer_entry_spiral, uniq_blork_the_orc
D:6:      layout_gridville
D:7:      cheibrodos_steamvent, layout_gridville,
          mainiacjoe_overflow_large_starburst, minmay_ruffians
D:8:      minmay_razor_zed, layout_layer_cave, nzn_life_drinkers
D:9:      layout_long_grid, nicolae_gozag_cash_rules_everything_around_me,
          minitemple, lair_entry_dummy, hiddenorc1_lemuel, glass_columns_a,
          uniq_grum
D:10:     layout_small_grid, lemuel_round_altar
D:11:     layout_basic, uniq_erica
D:12:     layout_loops_ring, serial_bayou, serial_bayou_shore_b,
          serial_bayou_shore_a, serial_bayou_pond_d, serial_bayou_pond_c,
          uniq_kirke
D:13:     layout_cave_pools, erik_vaults_1
D:14:     layout_basic, nemelex_lonely_heart_becter, minivault_20, uniq_louise
D:15:     grunt_enter_depths_hoard, layout_loops_ring,
          nicolae_qazlal_eye_of_the_storm, small_statue_intersection,
          lemuel_zombie_altar_kikubaaqudgha
Temple:   bh_familiar_temple
Lair:1:   layout_cave_pods, basic_altar
Lair:2:   layout_roguey, elwin_shoals_entry_rocks, enter_volcano_4,
          nicolae_quartered_pool_super, serial_bayou_shore_b
Lair:3:   gammafunk_mikee_crab_dinner, layout_chaotic_city, dummy_snake_entry,
          serial_bayou_pond_b, pdpol_lair_cabin_in_the_woods, uniq_nergalle,
          uniq_sonja
Lair:4:   layout_concentric_octagons, nicolae_slime_entry_slimehenge, uniq_urug
Lair:5:   evilmike_catoblepas_cave, layout_long_grid,
          infiniplex_staircase_pool_2
Shoals:1: layout_shoals, serial_shops, nicolae_shop_competitors_out_of_business,
          nicolae_shoals_lost_giant_hut
Shoals:2: layout_shoals, nicolae_shoals_so_close, uniq_roxanne
Orc:1:    layout_diamond_mine
Orc:2:    grunt_orc_community_town_hall, layout_caves,
          grunt_orc_community_big_house_1, grunt_orc_community_big_house_1,
          grunt_orc_community_house_1, grunt_orc_community_house_1,
          grunt_orc_community_house_2, grunt_orc_community_house_3,
          grunt_orc_community_house_3, grunt_orc_community_house_2, basic_altar,
          uniq_donald, uniq_josephine

Skill      XL: |  1  2  3  4  5  6  7  8  9 10 11 12 13 14 15 |
---------------+----------------------------------------------+-----
Unarmed Combat | 2 3 4 5 7 9 10 11 13 | 13.6
Shields        | 3 4 5 7 11 14 15 | 15.0
Dodging        | 1 2 3 5 6 7 8 |  8.9
Fighting       | 4 5 6 7 10 11 12 | 12.2
Invocations    | 12 | 12.1
Spellcasting   | 2 |  2.1
Conjurations   | 3 |  3.0
Necromancy     | 3 |  3.9
Transmutations | 1 |  1.5
Air Magic      | 3 |  3.0
Poison Magic   | 3 |  3.0
Earth Magic    | 1 |  1.4
Armour         | |  2.8

Action                     |  1- 3 |  4- 6 |  7- 9 | 10-12 | 13-15 || total
---------------------------+-------+-------+-------+-------+-------++-------
  Melee: Unarmed           |   144 |   150 |   579 |   962 |  1289 ||  3124
         Headbutt          |     8 |    23 |   109 |   244 |   397 ||   781
  Throw: Boomerang         |       |    10 |       |       |       ||    10
         Stone             |       |     2 |    10 |    15 |     5 ||    32
   Cast: Animate Dead      |       |       |       |       |    27 ||    27
         Mephitic Cloud    |       |       |       |       |     3 ||     3
 Invoke: Slouch            |       |       |       |       |    14 ||    14
  Evoke: Wand              |       |       |     7 |    35 |     9 ||    51
         Phantom mirror    |       |       |       |     1 |     1 ||     2
    Use: Scroll            |       |     8 |    10 |    16 |     8 ||    42
         Potion            |       |     4 |     9 |     8 |    11 ||    32
   Stab: Invisible         |       |     3 |     6 |     1 |     3 ||    13
         Sleeping          |       |       |       |     3 |     1 ||     4
         Confused          |       |       |       |       |     5 ||     5
         Distracted        |       |       |       |       |     7 ||     7
 Armour: Scale mail        |    53 |       |       |       |       ||    53
         Chain mail        |     4 |       |       |       |       ||     4
         Ring mail         |     9 |    40 |   114 |       |       ||   163
         Steam dragon scal |       |       |    13 |   134 |   188 ||   335
  Dodge: Dodged            |    59 |    58 |   245 |   448 |   719 ||  1529
  Block: Buckler           |    36 |    30 |   147 |       |       ||   213
         Kite shield       |       |       |   154 |   985 |  1654 ||  2793

Table legend: (Time is in decaauts)
 A = Elapsed time spent in this place.
 B = Non-inter-level travel time spent in this place.
 C = Inter-level travel time spent in this place.
 D = Time resting spent in this place.
 E = Time spent auto-exploring this place.
 F = Levels seen in this place.
 G = Mean time per level.
                   A        B        C        D        E       F      G
               +--------+--------+--------+--------+--------+-----+--------+
         Total |  41402 |  37760 |   3642 |   5216 |  24078 |  26 | 1592.4 |
       Dungeon |  24430 |  22092 |   2338 |   2716 |  14733 |  15 | 1628.7 |
        Temple |    188 |    170 |     18 |      0 |    164 |   1 |  188.0 |
          Lair |  11007 |   9977 |   1030 |   1260 |   6667 |   5 | 2201.4 |
        Shoals |   2664 |   2546 |    118 |    520 |   1522 |   2 | 1332.0 |
  Orcish Mines |   2953 |   2816 |    137 |    719 |    947 |   2 | 1476.5 |
         Sewer |    158 |    158 |      0 |      0 |     44 |   1 |  158.0 |
               +--------+--------+--------+--------+--------+-----+--------+

Top non-repeatable levels by time:
  Lair:3: 2999 daAuts
     D:8: 2502 daAuts
  Lair:5: 2368 daAuts
    D:12: 2257 daAuts
   Orc:2: 2220 daAuts
Shoals:1: 2173 daAuts
    D:15: 2126 daAuts
     D:9: 2034 daAuts
  Lair:1: 1977 daAuts
    D:11: 1953 daAuts
  Lair:2: 1896 daAuts
     D:7: 1846 daAuts
  Lair:4: 1765 daAuts
     D:4: 1708 daAuts
    D:14: 1692 daAuts
